 Dungeon Crawl Stone Soup version 0.27-a0-103-g6cd7b45605 (webtiles) character file.

Game seed: 9831243401959147240

9 knot the Chopper (level 2, 23/24 HPs)
             Began as a Demonspawn Berserker on Jan 23, 2021.
             Was a Follower of Trog.
             Quit the game on level 1 of the Dungeon.
             The game lasted 00:00:22 (212 turns).

knot the Chopper (Demonspawn Berserker)              Turns: 212, Time: 00:00:23

Health: 23/24      AC:  7    Str: 17    XL:     2   Next: 3%
Magic:  2/2        EV: 11    Int:  8    God:    Trog [*.....]
Gold:   46         SH:  0    Dex: 12    Spells: 1/1 levels left

rFire    . . .     SeeInvis .   a - +0 hand axe
rCold    . . .     Faith    .   (no shield)
rNeg     . . .     Spirit   .   d - +0 ring mail
rPois    .         Reflect  .   (no helmet)
rElec    .         Harm     .   (no cloak)
rCorr    .         Rampage  .   (no gloves)
Will     .....                  (no boots)
Stlth    +.........             (no amulet)
HPRegen  0.08/turn              (no ring)
MPRegen  0.08/turn              (no ring)

@: no status effects
A: slimy green scales 1
a: Renounce Religion, Berserk


You were on level 1 of the Dungeon.
You worshipped Trog.
Trog was aware of your devotion.
You visited 1 branch of the dungeon, and saw 1 of its levels.

You collected 46 gold pieces.

Inventory:

Hand Weapons
 a - a +0 hand axe (weapon)
Missiles
 e - 4 stones
Armour
 b - a +0 animal skin
 d - a +0 ring mail (worn)
Scrolls
 c - a scroll of remove curse {unknown}


   Skills:
 - Level 3.0 Fighting
 + Level 3.2 Axes
 - Level 1.7 Armour
 - Level 1.7 Dodging


You had one spell level left.
You didn't know any spells.
Your spell library was empty.

Dungeon Overview and Level Annotations

Branches:
Dungeon (1/15)

Altars:


Innate Abilities, Weirdness & Mutations

You are partially covered in slimy green scales. (AC +2)


Message History

No target in view!
No target in view!
No target in view!
You now have 46 gold pieces (gained 15).
A leopard gecko comes into view.
The leopard gecko hisses angrily.
A leopard gecko is nearby!
A leopard gecko is nearby!
A hobgoblin comes into view. It is wielding a +0 club.
You slash the leopard gecko!
You kill the leopard gecko!
Trog accepts your kill. The hobgoblin hits you with a +0 club.
You slash the hobgoblin!
You kill the hobgoblin!
Trog accepts your kill.
You have reached level 2!
Your demonic ancestry asserts itself...
Slimy green scales grow over part of your body.
Are you sure you want to abandon this character and quit the game? (Confirm with "yes".)

#.......#
######.......#
.............#
.............#
.............#
.............###+#
......)..?............
#@.....$.........
#................
#...............
#...$...........
#............#
#............#
#........†...#
#............#
#............#


There were no monsters in sight!

Vanquished Creatures
  A leopard gecko (D:1)
  A goblin (D:1)
  A hobgoblin (D:1)
  2 kobolds (D:1)
  A bat (D:1)
  A frilled lizard (D:1)
7 creatures vanquished.

Notes
Turn   | Place    | Note
-------+----------+-------------------------------------------
     0 | D:1      | knot the Demonspawn Berserker began the quest for the Orb.
     0 | D:1      | Reached XP level 1. HP: 18/18 MP: 1/1
   212 | D:1      | Gained mutation: You are partially covered in slimy green
                  | scales. (AC +2) [demonic ancestry]
   212 | D:1      | Reached XP level 2. HP: 23/24 MP: 2/2
   212 | D:1      | Quit the game

Illustrated notes

Levels and vault maps discovered:
D:1:      matt_arrival_los_fun, layout_basic

Skill      XL: |  1 |
---------------+----+-----
Axes           | 3 |  3.2
Fighting       | |  3.0
Armour         | |  1.7
Dodging        | |  1.7

Action                   || total
-------------------------++-------
Melee: Hand axe          ||    21
Armor: Ring mail         ||     4
       Animal skin       ||     2
Dodge: Dodged            ||    22

Table legend: (Time is in decaauts)
 A = Elapsed time spent in this place.
 B = Non-inter-level travel time spent in this place.
 C = Inter-level travel time spent in this place.
 D = Time resting spent in this place.
 E = Time spent auto-exploring this place.
 F = Levels seen in this place.
 G = Mean time per level.
                   A        B        C        D        E       F      G
               +--------+--------+--------+--------+--------+-----+--------+
         Total |    214 |    214 |      0 |      0 |    153 |   1 |  214.0 |
       Dungeon |    214 |    214 |      0 |      0 |    153 |   1 |  214.0 |
               +--------+--------+--------+--------+--------+-----+--------+

Top non-repeatable levels by time:
     D:1: 214 daAuts
